 Dungeon Crawl Stone Soup version 0.24.1-14-gf8d2b509d9 (webtiles) character file.

Game seed: 11606731261051299124, levelgen mode: deterministic

434 Hugehornet the Cudgeler (level 7, -13/41 HPs)
             Began as a Gargoyle Fighter on May 18, 2020.
             Killed from afar by Dowan (30 damage)
             ... with a shard of ice
             ... on level 4 of the Dungeon.
             The game lasted 00:05:45 (3958 turns).

Hugehornet the Cudgeler (Gargoyle Fighter)          Turns: 3958, Time: 00:05:47

Health: -13/41     AC: 17    Str: 21    XL:     7   Next: 0%
Magic:  7/7        EV:  5    Int:  9    God:
Gold:   141        SH:  9    Dex:  9    Spells: 6/6 levels left

rFire    . . .     SeeInvis .   a - +1 flail
rCold    . . .     Gourm    .   c - +0 shield
rNeg     + . .     Faith    .   e - +1 chain mail {MR+}
rPois    ∞         Spirit   .   l - +0 helmet
rElec    +         Reflect  .   (no cloak)
rCorr    .         Harm     .   (no gloves)
MR       +....                  m - +0 pair of boots
Stlth    ..........             (no amulet)
HPRegen  0.13/turn              (no ring)
MPRegen  0.10/turn              (no ring)

@: no status effects
A: negative energy resistance 1, electricity resistance, unbreathing,
petrification resistance, rot immunity, AC +4
a: no special abilities


You were on level 4 of the Dungeon.
You were not hungry.

You visited 1 branch of the dungeon, and saw 4 of its levels.

You collected 141 gold pieces.

Inventory:

Hand Weapons
 a - a +1 flail (weapon)
Armour
 c - a +0 shield (worn)
 e - a +1 chain mail of magic resistance (worn)
 l - a +0 helmet (worn)
 m - a +0 pair of boots (worn)
Jewellery
 o - an uncursed amulet of magic regeneration
Wands
 q - a wand of iceblast (7)
Scrolls
 g - 3 scrolls of teleportation {unknown}
 h - 3 scrolls of remove curse {unknown}
 j - a scroll of fog
 p - a scroll of random uselessness {unknown}
Potions
 b - a potion of brilliance {unknown}
 d - 3 potions of might
 i - 2 potions of haste
 k - a potion of heal wounds
 n - 3 potions of curing
 r - a potion of flight {unknown}
Comestibles
 f - 6 rations


   Skills:
 - Level 3.2 Fighting
 + Level 7.3 Maces & Flails
 - Level 3.2 Armour
 - Level 3.2 Shields


You had 6 spell levels left.
You didn't know any spells.
Your spell library was empty.

Dungeon Overview and Level Annotations

Branches:
Dungeon (4/15)
 Temple: D:4-7

Altars:
Fedhas
Hepliaklqana
Xom

Annotations:
D:4 Dowan


Innate Abilities, Weirdness & Mutations

You are resistant to torment.
Your stone body is resilient. (AC +4)
You are immune to poison.
You resist negative energy. (rN+)
You are resistant to electric shocks. (rElec)
You can survive without breathing.
You are immune to petrification.
You are immune to rotting.


Message History

Dowan is heavily wounded.
You block Dowan's attack. The orc hits you but does no damage.
An orc comes into view.
You block the orc's attack.
Dowan mumbles some strange words.
Dowan blinks!
Things that are here:
a +0 short sword; a +0 leather armour; the elf corpse of Duvessa Dowan hits you but does no damage.
You block Dowan's attack.
You closely miss Dowan.
Dowan is heavily wounded.
Dowan is no longer moving quickly.
You block Dowan's attack. You block the orc's attack.
You hit Dowan.
Dowan is severely wounded.
Dowan hits you but does no damage. You block the orc's attack.
Dowan points at you and mumbles some strange words.
The shard of ice hits you!!
Ouch! That really hurt!
You die...

o.< ...## #...#
############# .o..
............#
#..#######........#
#.......##........#
#.....##........#
..#######o>..##........#
......e@oo.............#
###
...############...######
..#+####.#.###########
#...# #...#...
#......##...###...#
##.##.#
#.####≈..≈......<.#
......#
#...##≈≈.≈..###...#
.##..## ###....≈_≈≈##
#...#
####.#####.).....≈≈.#
#...#
####...#.<.####≈.≈.≈#
##.##


You could see Dowan and 3 orcs.

Vanquished Creatures
  Duvessa (D:4)
  A scorpion (D:4)
  2 orc priests
  An orc wizard (D:3)
  Natasha (thrice) (D:2)
  2 adders
  4 dart slugs
  3 worms
  4 leopard geckos
  9 orcs
  4 giant cockroaches
  5 goblins
  8 hobgoblins
  3 jackals (D:1)
  2 quokkas
  2 ball pythons
  8 bats
  4 frilled lizards
  6 kobolds
  10 rats
82 creatures vanquished.

Notes
Turn   | Place    | Note
-------+----------+-------------------------------------------
     0 | D:1      | Hugehornet the Gargoyle Fighter began the quest for the
                  | Orb.
     0 | D:1      | Reached XP level 1. HP: 14/14 MP: 1/1
    83 | D:1      | You fall into a shaft and drop 1 floor!
    87 | D:2      | Reached XP level 2. HP: 19/19 MP: 2/2
   122 | D:2      | Reached skill level 3 in Maces & Flails
   200 | D:2      | Reached XP level 3. HP: 23/23 MP: 3/3
   637 | D:1      | You fall into a shaft and drop 1 floor!
   733 | D:1      | Reached skill level 4 in Maces & Flails
  1250 | D:2      | Noticed Natasha
  1265 | D:2      | Killed Natasha
  1265 | D:2      | Reached XP level 4. HP: 9/28 MP: 4/4
  1535 | D:2      | Noticed Natasha
  1548 | D:2      | Killed Natasha
  1821 | D:2      | Noticed Natasha
  1831 | D:2      | Killed Natasha
  1831 | D:2      | Reached skill level 5 in Maces & Flails
  1831 | D:2      | Reached XP level 5. HP: 16/32 MP: 5/5
  2232 | D:3      | Found a hazy altar of Hepliaklqana.
  2233 | D:3      | Found a shimmering altar of Xom.
  2234 | D:3      | Noticed a spectral ugly thing
  3139 | D:3      | Reached skill level 6 in Maces & Flails
  3139 | D:3      | Reached XP level 6. HP: 36/37 MP: 6/6
  3552 | D:4      | Noticed Duvessa
  3552 | D:4      | Noticed Dowan
  3767 | D:4      | Found a blossoming altar of Fedhas.
  3923 | D:4      | Killed Duvessa
  3923 | D:4      | Reached skill level 7 in Maces & Flails
  3923 | D:4      | Reached XP level 7. HP: 34/41 MP: 7/7
  3958 | D:4      | Killed from afar by Dowan

Levels and vault maps discovered:
D:1:      ebering_hopf_link, layout_loops_ring
D:2:      layout_rooms, uniq_natasha
D:3:      layout_loops_corners, regret_index_temple_of_mockery
D:4:      minmay_chambers_of_fours, layout_rooms, serial_shops,
          kennysheep_little_box, fedhas_altar_2, uniq_duvessa

Skill      XL: |  1  2  3  4  5  6 |
---------------+-------------------+-----
Maces & Flails | 3 4 5 6 7 |  7.3
Fighting       | |  3.2
Armour         | |  3.2
Shields        | |  3.2

Action                   |  1- 3 |  4- 6 |  7- 9 || total
-------------------------+-------+-------+-------++-------
Melee: Flail             |   162 |   188 |    30 ||   380
  Use: Scroll            |       |     8 |       ||     8
  Eat: Chunk             |     1 |     7 |       ||     8
       Ration            |       |     1 |       ||     1
Armor: Scale mail        |    89 |    39 |       ||   128
       Chain mail        |       |    78 |    28 ||   106
Dodge: Dodged            |    48 |    47 |     7 ||   102
Block: Shield            |    73 |    95 |    24 ||   192
